 Dungeon Crawl Stone Soup version 0.20.1-1-g8b1a95d (webtiles) character file.

24 mmigdal the Skirmisher (level 2, -5/24 HPs)
             Began as a Demonspawn Abyssal Knight on Nov 1, 2017.
             Was a Follower of Lugonu.
             Slain by a gnoll
             ... wielding a +0 club
              (6 damage)
             ... on level 1 of the Dungeon.
             The game lasted 00:06:44 (1456 turns).

mmigdal the Skirmisher (Demonspawn Abyssal Knight)  Turns: 1456, Time: 00:06:45

Health: -5/24      AC:  3    Str: 12    XL:     2   Next: 79%
Magic:  3/3        EV: 11    Int: 13    God:    Lugonu [*.....]
Gold:   96         SH:  0    Dex: 12    Spells: 1/1 levels left

rFire    . . .     SeeInvis .   a - +1 falchion
rCold    . . .     Gourm    .   (no shield)
rNeg     . . .     Faith    .   b - +0 leather armour
rPois    .         Spirit   .   (no helmet)
rElec    .         Reflect  .   (no cloak)
rCorr    .         Harm     .   (no gloves)
MR       .....                  (no boots)
Stlth    +.........             (no amulet)
Regen    0.1/turn               (no ring)
MPRegen  0.1/turn               (no ring)

@: no status effects
A: claws 1
a: Depart the Abyss, Renounce Religion


You were on level 1 of the Dungeon.
You worshipped Lugonu.
Lugonu was aware of your devotion.
You were full.

You visited 1 branch of the dungeon, and saw 2 of its levels.
You visited the Abyss 1 time.

You collected 96 gold pieces.

Inventory:

Hand Weapons
 a - a +1 falchion (weapon)
 k - a +0 hunting sling
Missiles
 e - 25 stones (quivered)
Armour
 b - a +0 leather armour (worn)
Scrolls
 d - 2 scrolls of identify {unknown}
 g - a scroll of blinking {unknown}
 h - a scroll of recharging {unknown}
 i - a scroll of teleportation {unknown}
Potions
 j - a potion of haste {unknown}
 l - a potion of invisibility {unknown}
Comestibles
 c - a bread ration


   Skills:
 + Level 3.6 Fighting
 + Level 2.1 Long Blades
 + Level 1.9 Armour
 + Level 1.1 Dodging
 + Level 0.2 Stealth
 + Level 2.4 Invocations


You had one spell level left.
You didn't know any spells.

Dungeon Overview and Level Annotations

Branches:
Dungeon (2/15)

Altars:


Innate Abilities, Weirdness & Mutations

You have sharp fingernails.


Message History

The gnoll hits you but does no damage. The giant cockroach bites you.
There is a stone staircase leading up here.
The bat closely misses you.
You riposte.
You closely miss the bat. The bat barely misses you.
The gnoll closely misses you. The giant cockroach bites you.
The gnoll hits you. The gnoll hits you with a halberd!
* * * LOW HITPOINT WARNING * * *
You climb upwards.
There is a stone staircase leading down here.
You barely miss the gnoll. The giant cockroach closely misses you.
The gnoll hits you with a club.
* * * LOW HITPOINT WARNING * * *
The gnoll barely misses you. The gnoll closely misses you.
The giant cockroach bites you but does no damage.
You hit the gnoll.
The gnoll is lightly wounded.
The gnoll hits you.
* * * LOW HITPOINT WARNING * * *
The gnoll hits you with a club.
You die...

### ######## ..##
#......# #..#
#####..#.#.# ##.###
#..........# ♣#...#
#.###..#.#.# ≈###.#
#..........# ♣♣ #.#
#######...##
.♣♣#.################.#.#
..♣#..........bg@g.##.#.#
...######.######s####.#.#
...# #.# #...g......#
..♣# #.# ##########.# ..♣
##.## ########.# .##
#...# #........# .# #...#
#.######## ## #...# #.#
#...# #.#####


You could see 3 gnolls, a giant cockroach and a bat.

Vanquished Creatures
  A dart slug (D:1)
  A leopard gecko (D:1)
  4 bats (D:1)
  2 giant cockroaches (D:1)
  A goblin (D:1)
  A hobgoblin (D:1)
  5 jackals (D:1)
  A frilled lizard (D:1)
  2 kobolds (D:1)
  A rat (D:1)
19 creatures vanquished.

Vanquished Creatures (others)
  6 starspawn tentacles (Abyss:1)
6 creatures vanquished.

Grand Total: 25 creatures vanquished

Notes
Turn   | Place    | Note
-------+----------+-------------------------------------------
     0 | Abyss:1  | mmigdal the Demonspawn Abyssal Knight began the quest for the Orb.
     0 | Abyss:1  | Reached XP level 1. HP: 18/18 MP: 2/2
    36 | Abyss:1  | Noticed a tentacled starspawn
    66 | D:1      | Escaped the Abyss
   438 | D:1      | Gained mutation: You have sharp fingernails. [demonic ancestry]
   438 | D:1      | Reached XP level 2. HP: 19/24 MP: 3/3
   499 | D:1      | Reached skill level 1 in Dodging
   608 | D:1      | Reached * piety under Lugonu
  1456 | D:1      | HP: 1/24 [gnoll (2)]
  1456 | D:1      | Slain by a gnoll

Skill      XL: |  1  2 |
---------------+-------+-----
Dodging        | 1 |  1.1
Long Blades    | 2 |  2.1
Fighting       | |  3.6
Armour         | |  1.9
Stealth        | |  0.2
Invocations    | |  2.4

Action                   || total
-------------------------++-------
Melee: Falchion          ||    56
       Unarmed           ||    21
 Fire: Hunting sling     ||     4
Throw: Stone             ||    32
Invok: Depart the Abyss  ||     1
  Eat: Meat ration       ||     1
       Chunk             ||     1
Armor: Leather armour    ||    38
Dodge: Dodged            ||    82
       Rpst.: Falchion   ||    16
